 Dungeon Crawl Stone Soup version 0.17.2-1-ge4368a0 (webtiles) character file.

112 Jamella the Insei (level 4, -4/35 HPs)
             Began as a Mummy Monk on July 13, 2017.
             Slain by a hound (6 damage)
             ... on level 4 of the Dungeon.
             The game lasted 00:05:38 (3019 turns).

Jamella the Insei (Mummy Monk)                      Turns: 3019, Time: 00:05:38

Health: -4/35      AC:  0    Str: 14    XL:     4   Next: 63%
Magic:  4/4        EV: 13    Int:  9    God:
Gold:   72         SH:  0    Dex: 15    Spells: 0 memorised, 3 levels left

rFire  x . .     SeeInvis .       - Unarmed
rCold  + . .     Clarity  .     (no armour)
rNeg   + + +     SustAt   .     (no shield)
rPois  ∞         Gourm    .     (no helmet)
rElec  .         Spirit   .     (no cloak)
rCorr  .         Warding  .     (no gloves)
rMut   .         Stasis   .     (no boots)
MR     .....                    (no amulet)
Stlth  ++........               (no ring)
                                (no ring)

@: not resistant to hostile enchantments, unstealthy
A: no food or potions, fire vulnerability, cold resistance 1, negative energy
resistance 3, torment resistance, unbreathing
a: no special abilities


You were on level 4 of the Dungeon.
You were not hungry.

You visited 1 branch of the dungeon, and saw 4 of its levels.

You collected 72 gold pieces.


Innate Abilities, Weirdness & Mutations

You do not eat or drink.
Your flesh is vulnerable to fire.
You are immune to poison.
Your flesh is cold resistant.
You are immune to negative energy.
You are immune to unholy pain and torment.
You can survive without breathing.


   Skills:
 + Level 3.0 Fighting
 - Level 2.4 Dodging
 - Level 1.5 Stealth
 - Level 5.0 Unarmed Combat


You had 3 spell levels left.
You didn't know any spells.

Inventory:

Hand Weapons
 e - a +6 club
Armour
 f - a +2 robe of fire resistance
Scrolls
 a - 3 scrolls of magic mapping {unknown}
 b - a scroll of remove curse {unknown}
 c - a scroll of identify {unknown}
 d - 2 scrolls of teleportation {unknown}
 g - a scroll of blinking {unknown}
 h - a scroll of enchant weapon {unknown}

Dungeon Overview and Level Annotations

Branches:
Dungeon (4/15)
 Temple: D:4-7

Altars:

Annotations:
D:2 exclusion: downstairs
D:3 exclusions: 2 adders, hobgoblin, orc and orc priest
D:4 exclusion: orc

▒<▒. ▒....▒ ▒.▒. ▒.▒▒.▒ ▒
▒.▒.▒▒▒▒▒▒.▒▒.▒.▒
▒.▒........▒▒.▒.▒▒▒▒
▒.▒▒▒▒▒.............
▒.▒▒▒▒▒'▒▒▒▒▒.▒.▒▒▒▒
▒.▒▒.....▒ ▒.▒
▒▒▒▒▒▒.▒▒.....▒ ▒.▒
.......^.Mh....▒ ▒.▒
▒▒▒▒▒▒▒.▒▒.....▒▒▒▒.▒▒▒▒.▒
[.................>..
▒▒▒.▒)....▒▒▒▒▒▒.▒▒.▒.
▒.▒.............▒
▒.▒▒▒▒▒..▒▒▒▒▒..▒ ▒..
....▒ ▒..▒ ▒. ▒▒(.▒ ▒..▒
(.▒ ▒..▒


You could see a hound.


Message History

The hound is severely wounded!
The hound bites you!
You take 2 damage, and have 19/35 hp!
You barely miss the hound!
The hound is severely wounded!
The hound bites you! * * * don't die
* * * The hound bites you! * * * don't die
* * * You take 7 damage, and have 12/35 hp!
You barely miss the hound!
The hound is severely wounded!
The hound barely misses you!
You barely miss the hound!
The hound is severely wounded!
The hound bites you! * * * don't die
* * * You take 2 damage, and have 10/35 hp!
You closely miss the hound!
The hound is severely wounded!
The hound bites you! * * * don't die
* * * The hound bites you! * * * don't die
* * * You take 8 damage, and have 2/35 hp!
MASSIVE DAMAGE!!!!!!
You barely miss the hound!
The hound is severely wounded!
The hound misses you! The hound bites you! rip

Action                   |  1- 3 |  4- 6 || total
-------------------------+-------+-------++-------
Melee: Unarmed           |   122 |    43 ||   165
 Stab: Sleeping          |     4 |       ||     4

Vault maps used:
D:1:      dpeg_arrival_ternary, nrook_mini_vaults, eino_curves_01,
          grunt_decor_fettered
D:2:      ecumenical_altar_2, uniq_jessica
D:3:      first_bread, minmay_shallow_snake_nest
D:4:      kennysheep_orc_chapel

Notes
Turn   | Place    | Note
--------------------------------------------------------------
     0 | D:1      | Jamella the Mummy Monk began the quest for the Orb.
     0 | D:1      | Reached XP level 1. HP: 18/18 MP: 1/1
   338 | D:1      | Reached XP level 2. HP: 22/24 MP: 2/2
  1090 | D:2      | Noticed Jessica
  1100 | D:2      | Killed Jessica
  1100 | D:2      | Reached skill level 4 in Unarmed Combat
  1100 | D:2      | Reached XP level 3. HP: 15/29 MP: 3/3
  1450 | D:2      | Found a faded altar to an unknown god.
  2483 | D:2      | Reached XP level 4. HP: 30/35 MP: 4/4
  2871 | D:4      | Reached skill level 5 in Unarmed Combat
  3017 | D:4      | HP: 2/35 [hound (4)]
  3019 | D:4      | Slain by a hound

Vanquished Creatures
  A hound (D:4)
  Jessica (D:2)
  An adder (D:2)
  A worm (D:2)
  2 giant geckos
  2 orcs (D:3)
  2 ball pythons (D:3)
  6 bats
  6 goblins
  A hobgoblin (D:2)
  4 giant cockroaches
  2 giant newts (D:2)
  4 kobolds
  9 rats
42 creatures vanquished.
